 Dungeon Crawl Stone Soup version 0.18-a0-801-gb01a236 (webtiles) character file.

120 Duffy the Magician (level 4, 0/37 HPs)
             Began as a Draconian Wizard on Dec 15, 2015.
             Succumbed to a scorpion's poison
             ... on level 4 of the Dungeon.
             The game lasted 00:03:31 (2425 turns).

Duffy the Magician (Draconian Wizard)               Turns: 2425, Time: 00:03:31

Health: 0/37       AC:  5    Str: 10    XL:     4   Next: 75%
Magic:  9/9        EV: 12    Int: 24    God:
Gold:   90         SH:  0    Dex:  9    Spells: 4 memorised, 3 levels left

rFire  + . .     SeeInvis .     l - +2 flail (venom)
rCold  + . .     Clarity  .     (armour unavailable)
rNeg   . . .     SustAt   .     (no shield)
rPois  +         Gourm    .     a - +0 hat
rElec  +         Spirit   .     (no cloak)
rCorr  +         Dismiss  .     (no gloves)
rMut   .         Stasis   .     (no boots)
MR     .....                    (no amulet)
Stlth  +.........               (no ring)
                                (no ring)

@: brilliant, lethally poisoned (0 -> -1), resistant, not resistant to hostile
enchantments, very unstealthy
A: unfitting armour, cold-blooded, AC +5
a: no special abilities


You were on level 4 of the Dungeon.
You were not hungry.

You visited 1 branch of the dungeon, and saw 3 of its levels.

You collected 90 gold pieces.


Innate Abilities, Weirdness & Mutations

Your plain brown scales are hard (AC +5).
Your body does not fit into most forms of armour.
You are cold-blooded and may be slowed by cold attacks.


   Skills:
 + Level 2.3 Fighting
 - Level 1.8 Dodging
 - Level 1.8 Stealth
 - Level 3.8 Spellcasting
 - Level 2.8 Conjurations
 - Level 1.0 Summonings
 - Level 1.0 Translocations


You had 3 spell levels left.
You knew the following spells:

 Your Spells              Type           Power        Failure   Level  Hunger
a - Magic Dart            Conj           ####         1%          1    None
i - Call Imp              Summ           ###.....     1%          2    #......
B - Blink                 Tloc           N/A          1%          2    #......
M - Repel Missiles        Chrm/Air       ###...       2%          2    #......

Inventory:

Hand Weapons
 l - a +2 flail of venom (weapon)
Armour
 a - a +0 hat (worn)
Scrolls
 d - a scroll of remove curse {unknown}
 e - 2 scrolls of fear {unknown}
 f - 2 scrolls of teleportation {unknown}
 h - a scroll of identify {unknown}
Books
 b - a book of Minor Magic
Comestibles
 c - 2 bread rations
 k - 2 chunks of flesh

Dungeon Overview and Level Annotations

Branches:
Dungeon (2/15)

Altars:


Message History

The giant gecko bites you but does no damage.
You completely miss the scorpion. You tail-slap the scorpion.
The scorpion is severely wounded.
You feel sick. The scorpion closely misses you.
The giant gecko bites you but does no damage.
The scorpion stings you!
The giant gecko bites you but does no damage.
You are too injured to fight recklessly!
You hit the scorpion.
You kill the scorpion!
Your Fighting skill gained 2 levels and is now at level 2!
You feel sick. The giant gecko closely misses you.
You barely miss the giant gecko.
You feel sick. The giant gecko barely misses you. The giant gecko misses you.
You closely miss the giant gecko.
The giant gecko bites you but does no damage.
The giant gecko bites you.
You hit the giant gecko.
You kill the giant gecko!
You feel sick.
Drink which item? (? for menu, Esc to quit)
It was a potion of resistance.
You feel protected.
You feel sick.
Drink which item? (? for menu, Esc to quit)
It was a potion of brilliance.
You feel clever all of a sudden.
Drink which item? (? for menu, Esc to quit)
It was a potion of cure mutation.
It has a very clean taste.
You feel sick.
You feel sick.
You feel sick.
You feel sick.
There is a lethal amount of poison in your body!
There is a lethal amount of poison in your body!
You die...

#.........##
#......?...##
#...........#
#.....!.....
#.....#...>
##$...>....
##.......###
#.........#
#@......$.#
................#
.#####..........#
##.........#
#........?#
#.........#
#.........
#........


There were no monsters in sight!

Action                   |  1- 3 |  4- 6 || total
-------------------------+-------+-------++-------
Melee: Flail             |       |    10 ||    10
 Cast: Magic Dart        |    91 |     1 ||    92
       Repel Missiles    |     1 |       ||     1
       Call Imp          |     9 |     5 ||    14
  Use: Potion            |       |     3 ||     3
  Eat: Chunk             |     4 |     1 ||     5

Notes
Turn   | Place    | Note
--------------------------------------------------------------
     0 | D:1      | Duffy the Draconian Wizard began the quest for the Orb.
     0 | D:1      | Reached XP level 1. HP: 14/14 MP: 4/4
   268 | D:1      | Reached XP level 2. HP: 20/20 MP: 0/6
   493 | D:1      | Learned a level 2 spell: Blink
   496 | D:1      | Learned a level 2 spell: Call Imp
   499 | D:1      | Learned a level 2 spell: Repel Missiles
   886 | D:1      | Reached skill level 2 in Conjurations
  1061 | D:1      | Reached XP level 3. HP: 26/26 MP: 3/7
  2112 | D:2      | Reached XP level 4. HP: 26/33 MP: 1/9
  2396 | D:2      | You fall through a shaft for 2 floors!
  2405 | D:4      | Reached skill level 2 in Fighting
  2425 | D:4      | Succumbed to a scorpion's poison

Vault maps used:
D:1:      roderic_crossed_star
D:4:      minmay_temple_entry_enclosed_plants, lightli_sewer_entry_pipes,
          first_bread

Vanquished Creatures
  A scorpion
  4 gnolls
  6 giant geckos
  8 bats
  2 giant cockroaches
  9 hobgoblins
  2 giant newts
  5 goblins
  5 kobolds
  5 rats
47 creatures vanquished.
